 Dungeon Crawl Stone Soup version 0.24.0-2-g5b39cebb1c (webtiles) character file.

Game seed: 5646312718928278061, levelgen mode: deterministic

28 dembora the Charmwright (level 3, -3/28 HPs)
             Began as a Merfolk Skald on Oct 29, 2019.
             Slain by a gnoll
             ... wielding a +4 spear
              (8 damage)
             ... on level 1 of the Dungeon.
             The game lasted 00:09:45 (1545 turns).

dembora the Charmwright (Merfolk Skald)             Turns: 1545, Time: 00:09:45

Health: -3/28      AC:  3    Str: 11    XL:     3   Next: 14%
Magic:  14/15      EV: 12    Int: 13    God:
Gold:   47         SH:  0    Dex: 13    Spells: 1/6 levels left

rFire    . . .     SeeInvis .   a - +0 falchion
rCold    . . .     Gourm    .   (no shield)
rNeg     . . .     Faith    .   k - +0 leather armour
rPois    .         Spirit   .   (no helmet)
rElec    .         Reflect  .   (no cloak)
rCorr    .         Harm     .   (no gloves)
MR       .....                  (no boots)
Stlth    +.........             (no amulet)
HPRegen  0.09/turn              g - ring of magical power
MPRegen  0.14/turn              (no ring)

@: no status effects
A: change form in water, swift swim, stealthy swim
a: no special abilities


You were on level 1 of the Dungeon.
You were not hungry.

You visited 1 branch of the dungeon, and saw 1 of its levels.

You collected 47 gold pieces.

Inventory:

Hand Weapons
 a - a +0 falchion (weapon)
Armour
 b - a +0 leather armour
 k - a +0 leather armour (worn)
Jewellery
 e - an uncursed ring of poison resistance {unknown}
 g - a ring of magical power (left hand)
Scrolls
 c - a scroll of teleportation
 f - a scroll of identify {unknown}
 h - a scroll of enchant weapon {unknown}
Potions
 i - a potion of degeneration {unknown}
 l - a potion of heal wounds {unknown}
Comestibles
 d - 2 rations
 j - a chunk of flesh


   Skills:
 + Level 2.6 Fighting
 + Level 2.6 Long Blades
 + Level 1.0 Armour
 + Level 2.9 Dodging
 + Level 2.2 Spellcasting
 + Level 3.5 Charms


You had one spell level left.
You knew the following spells:

 Your Spells              Type           Power        Failure   Level  Hunger
a - Infusion              Chrm           ##..         8%          1    ##.....
b - Song of Slaying       Chrm           ##......     12%         2    ###....
c - Shroud of Golubria    Chrm/Tloc      #.....       24%         2    ###....

Your spell library contained the following spells:

 Spells                   Type           Power        Failure   Level  Hunger
 Regeneration             Chrm/Necr      #.........   43%         3    ####...
 Spectral Weapon          Hex/Chrm       #.......     43%         3    ####...


Dungeon Overview and Level Annotations

Branches:
Dungeon (1/15)

Altars:


Message History

Space distorts slightly along a thin shroud covering your body.
The gnoll hits you from afar with a +4 spear!
The gnoll misses you.
You hit the gnoll but do no damage. The gnoll barely misses you.
You riposte.
You completely miss the gnoll. You closely miss the gnoll.
Your shroud bends the gnoll's attack away.
You hit the gnoll.
The gnoll is lightly wounded.
The gnoll barely misses you.
You barely miss the gnoll.
The gnoll is lightly wounded.
The gnoll closely misses you.
You riposte.
You hit the gnoll but do no damage.
The gnoll is lightly wounded.
The gnoll hits you with a +4 spear!
* * * LOW HITPOINT WARNING * * *
You closely miss the gnoll.
The gnoll is lightly wounded.
The gnoll hits you with a +4 spear!
You die...

..... ...#..#.#..#.# ###.##
#.....#.#..#.# .....
#...>.#.#..#.# ###..#
####.....#.#..#.# ..#...
..............#.# .......
#....###.###).#.# .........
#.#.#......#. #..#.#
....#....##.#.#.####.# #..#.#
....#....##.#.#.@g...#.###..#.#
....#....##.#.#.####.#......#.#
..#.#....##.#.#.#########...#.#
###.#....##.#.#.............#.#
'...#.........############..#.#
#####.......................#รท#
'...........##############.##.#
######......................#.#
# ##.....#################.#


You could see a gnoll.

Vanquished Creatures
  A leopard gecko (D:1)
  5 giant cockroaches (D:1)
  3 goblins (D:1)
  4 hobgoblins (D:1)
  4 bats (D:1)
  3 kobolds (D:1)
  5 rats (D:1)
  2 fungi (D:1)
27 creatures vanquished.

Notes
Turn   | Place    | Note
-------+----------+-------------------------------------------
     0 | D:1      | dembora the Merfolk Skald began the quest for the Orb.
     0 | D:1      | Reached XP level 1. HP: 16/16 MP: 3/3
   279 | D:1      | Reached XP level 2. HP: 22/22 MP: 5/5
   594 | D:1      | Learned a level 2 spell: Song of Slaying
   597 | D:1      | Learned a level 2 spell: Shroud of Golubria
  1155 | D:1      | Reached XP level 3. HP: 26/28 MP: 6/6
  1204 | D:1      | Reached skill level 1 in Armour
  1545 | D:1      | Slain by a gnoll

Levels and vault maps discovered:
D:1:      dpeg_arrival_prison, layout_basic, nrook_mini_vaults

Skill      XL: |  1  2  3 |
---------------+----------+-----
Armour         | 1 |  1.0
Fighting       | |  2.6
Long Blades    | |  2.6
Dodging        | |  2.9
Spellcasting   | |  2.2
Charms         | |  3.5

Action                   || total
-------------------------++-------
Melee: Falchion          ||   106
 Cast: Infusion          ||     1
       Shroud of Golubri ||     1
  Use: Scroll            ||     1
  Eat: Chunk             ||     2
Armor: Leather armour    ||    44
Dodge: Dodged            ||    84
       Rpst.: Falchion   ||    30
